 Dungeon Crawl Stone Soup version 0.29-a0-341-g24ffce5b50 (webtiles) character file.

Game seed: 16272208238747570698

491 spaghetti the Covert (level 7, 0/62 HPs)
             Began as a Naga Delver on Apr 20, 2022.
             Slain by an orc wizard
             ... wielding a +0 dagger
              (1 damage)
             ... on level 7 of the Dungeon.
             The game lasted 00:03:03 (1016 turns).

spaghetti the Covert (Naga Delver)                  Turns: 1016, Time: 00:03:03

Health: 0/62       AC:  5    Str: 15    XL:     7   Next: 14%
Magic:  7/7        EV:  9    Int: 12    God:
Gold:   10         SH:  0    Dex: 12    Spells: 6/6 levels left

rFire   . . .      SeeInvis +   a - +0 falchion {long}
rCold   . . .      Faith    .   (no shield)
rNeg    . . .      Spirit   .   b - +0 leather armour
rPois   +          Reflect  .   (no helmet)
rElec   .          Harm     .   (no cloak)
rCorr   .          Rampage  .   (no gloves)
Will    .....      Rage     1%  (no barding)
Stlth   ++........              (no amulet)
HPRegen 0.20/turn               (no ring)
MPRegen 0.10/turn               (no ring)

@: confused, very slow
A: AC +2, large, see invisible, deformed body, poison resistance, slowness 2,
spit poison 1, naga tail 1, iridescent scales 1, berserk 1
a: Spit Poison


You were on level 7 of the Dungeon.
You visited 1 branch of the dungeon, and saw 4 of its levels.

You collected 10 gold pieces.


Innate Abilities, Weirdness & Mutations

Your serpentine skin is tough. (AC +2)
You have supernaturally acute eyesight. (SInv)
Armour fits poorly on your strangely shaped body.
Your system is resistant to poisons. (rPois)
You cover ground very slowly.
You can spit poison.
You have a snake-like lower body.
You are partially covered in iridescent scales. (AC +2)
You tend to lose your temper in combat.


   Skills:
 - Level 3.0 Fighting
 - Level 2.0 Long Blades
 - Level 1.5 Dodging
 + Level 13.2 Stealth


You had 6 spell levels left.
You didn't know any spells.
Your spell library was empty.

Inventory:

Hand Weapons
 a - a +0 falchion (weapon) {long}
 e - a +0 whip of flaming {mace}
   (You took it off Pikel on level 4 of the Dungeon)
Armour
 b - a +0 leather armour (worn)
Wands
 f - a wand of acid (7)
   (You took it off Pikel on level 4 of the Dungeon)
 g - a wand of digging (3)
 i - a wand of paralysis (8)
   (You found it on level 5 of the Dungeon)
Scrolls
 c - a scroll of fog
 d - a scroll of magic mapping {!r}
 h - a scroll of teleportation {@r4}

Dungeon Overview and Level Annotations

Branches:
Dungeon (7/15)
 Temple: D:4-7

Altars:

Shops:
D:6 :   D:7 ?

Annotations:
D:4 1 runed translucent door, Eustachio; spaghetti's ghost, amateur OpCA

## ##.#
###..##
#.....##
#......#
##......#
#..ooo..###
#...@.[...#
#..###.....#
#... ##..##
#... .#
..... ..
...# .. ..#
.


You could see 3 orc wizards.


Message History

The magic dart hits you.
The orc wizard hits you but does no damage. x2
The orc wizard completely misses you. 😕 HP[-9]
You take 9 damage, and now have 53/62 hp.
You aren't carrying any potions.
Unknown command.
You hit the orc wizard.
The orc wizard hits you with a +0 dagger. x3 😕 HP[-4]
You take 4 damage, and now have 49/62 hp.
You hit the orc wizard but do no damage.
The orc wizard hits you but does no damage.
The orc wizard points at you and mumbles some strange words.
You are confused.
The orc wizard hits you with a +0 dagger. 😕 HP[-1]
You take 1 damage, and now have 48/62 hp.
Unknown command.
Unknown command.
Unknown command.
Unknown command.
Unknown command.
You miss the orc wizard.
The orc wizard hits you with a +0 dagger.
The orc wizard gestures at you while chanting.
You are more confused.
The orc wizard hits you with a +0 dagger. 😮 HP[-5]
You take 5 damage, and now have 43/62 hp.
Unknown command.
You aren't carrying any potions.
You barely miss the orc wizard.
The orc wizard hits you with a +0 dagger. x2
The orc wizard gestures at you while chanting.
The puff of flame hits you!
* * * LOW HITPOINT WARNING * * *
😨 HP[-17]
You take 17 damage, and now have 26/62 hp.
MASSIVE DAMAGE!! (PAUSE) Unknown command.
You hit the orc wizard.
The orc wizard hits you but does no damage.
The orc wizard points at you and mumbles some strange words.
You easily resist.
The orc wizard casts a spell at you.
You easily resist.
The orc wizard barely misses you.
The orc wizard hits you with a +0 dagger.
* * * LOW HITPOINT WARNING * * *
The orc wizard barely misses you. 😨 HP[-1]
You take 1 damage, and now have 25/62 hp.
Unknown command.
Unknown command.
Unknown command.
You hit the orc wizard but do no damage.
The orc wizard hits you but does no damage.
The orc wizard points at you and mumbles some strange words.
The puff of flame hits you!
* * * LOW HITPOINT WARNING * * *
The orc wizard gestures at you while chanting.
You easily resist. 😨 HP[-7]
You take 7 damage, and now have 18/62 hp.
Unknown command.
Unknown command.
Unknown command.
You slash the orc wizard!
The orc wizard hits you with a +0 dagger.
* * * LOW HITPOINT WARNING * * *
The orc wizard hits you but does no damage. x2 😱 HP[-3]
You take 3 damage, and now have 15/62 hp.
Unknown command.
Unknown command.
Unknown command.
You aren't carrying any potions.
The orc wizard points at you and mumbles some strange words.
You easily resist.
You miss the orc wizard.
The orc wizard gestures at you while chanting.
The puff of flame hits you.
* * * LOW HITPOINT WARNING * * *
The orc wizard casts a spell at you. The puff of flame hits you.
* * * LOW HITPOINT WARNING * * *
The orc wizard barely misses you. x2
The orc wizard hits you with a +0 dagger.
* * * LOW HITPOINT WARNING * * *
😱 HP[-11]
You take 11 damage, and now have 4/62 hp.
Unknown command.
Unknown command.
You are too confused!
You aren't carrying any potions.
You hit the orc wizard. The orc wizard barely misses you.
The orc wizard hits you with a +0 dagger.
* * * LOW HITPOINT WARNING * * *
The orc wizard hits you with a +0 dagger.
You die...

Skill      XL: |  1  2  3 |
---------------+----------+-----
Stealth        | 8 13 | 13.2
Fighting       | |  3.0
Long Blades    | |  2.0
Dodging        | |  1.5

Action                   |  1- 3 |  4- 6 |  7- 9 || total
-------------------------+-------+-------+-------++-------
Melee: Falchion          |    48 |       |     9 ||    57
 Abil: Spit Poison       |     6 |       |       ||     6
Evoke: Wand              |     1 |       |       ||     1
  Use: Scroll            |     4 |       |       ||     4
       Potion            |     2 |       |       ||     2
 Stab: Sleeping          |     1 |       |       ||     1
       Paralysed         |     7 |       |       ||     7
Armor: Leather armour    |     5 |       |     7 ||    12
Dodge: Dodged            |    28 |       |     6 ||    34

Levels and vault maps discovered:
D:4:      layout_loops_ring, nicolae_ru_great_annihilating_truth,
          hellmonk_ghost_happy_afterlife, uniq_eustachio, uniq_natasha,
          uniq_pikel
D:5:      layout_loops_ring, mainiacjoe_overflow_24_doors, st_stairs_3,
          nicolae_figureground_sparkle
D:6:      layout_rooms, serial_shops, nicolae_shop_statue_plus, kennysheep_dice
D:7:      minmay_flawed_box, layout_cave_pools, elyvilon_altar_5,
          nemelex_diamond_rough_becter, minmay_temple_entry_sparse_star,
          serial_shops, nicolae_stop_n_shop_1, uniq_menkaure,
          uniq_prince_ribbit1

Notes
Turn   | Place    | Note
-------+----------+-------------------------------------------
     0 | D:5      | spaghetti the Naga Delver began the quest for the Orb.
     0 | D:5      | Reached XP level 1. HP: 21/21 MP: 1/1
     0 | D:5      | magus.rc [v1.9.6]
    31 | D:5      | Reached XP level 2. HP: 19/28 MP: 2/2
   146 | D:6      | Reached skill level 8 in Stealth
   146 | D:6      | Reached XP level 3. HP: 27/34 MP: 3/3
   158 | D:7      | Found Otanis's Magic Scroll Emporium.
   229 | D:6      | Found Zugeqi Wusch's Book Boutique.
   240 | D:5      | Noticed a scorpion
   272 | D:5      | Reached skill level 9 in Stealth
   365 | D:4      | Found a runed translucent door.
   365 | D:4      | Noticed spaghetti's ghost (amateur OpCA)
   427 | D:4      | Noticed Eustachio
   579 | D:4      | Noticed Pikel
   579 | D:4      | Noticed a lemure
   579 | D:4      | Noticed a lemure
   579 | D:4      | Noticed a lemure
   584 | D:4      | Gained mutation: You tend to lose your temper in combat.
                  | [potion of mutation]
   584 | D:4      | Gained mutation: You are partially covered in iridescent
                  | scales. (AC +2) [potion of mutation]
   608 | D:4      | Noticed a lemure
   613 | D:4      | HP: 5/34 [Pikel/+0 whip of flaming (9)]
   621 | D:4      | Killed Pikel
   622 | D:4      | Reached skill level 13 in Stealth
   622 | D:4      | Reached XP level 4. HP: 7/42 MP: 4/4
   622 | D:4      | Reached XP level 5. HP: 8/49 MP: 5/5
   622 | D:4      | Reached XP level 6. HP: 10/56 MP: 6/6
   622 | D:4      | Reached XP level 7. HP: 11/62 MP: 7/7
  1005 | D:4      | You fall into a shaft and drop 3 floors!
  1013 | D:7      | HP: 15/62 [orc wizard/+0 dagger (3)]
  1015 | D:7      | HP: 4/62 [orc wizard/+0 dagger (4)]
  1016 | D:7      | HP: 1/62 [orc wizard/+0 dagger (3)]
  1016 | D:7      | Slain by an orc wizard

Vanquished Creatures
  Pikel (D:4)
  An iguana (D:6)
  2 adders (D:5)
  A shadow imp (D:5)
5 creatures vanquished.

Table legend:
 A = Non-vault XP
 B = Vault XP
 C = Vault XP percentage of total XP
 D = Non-vault monster count
 E = Vault monster count
 F = Vault count percentage of total count
                 A         B        C        D         E       F
            +---------+---------+-------+---------+---------+-------
      Total |      73 |     629 |  89.6 |       4 |       1 |  20.0
            +---------+---------+-------+---------+---------+-------
        D:4 |       0 |     629 | 100.0 |       0 |       1 | 100.0
        D:5 |      37 |       0 |   0.0 |       3 |       0 |   0.0
        D:6 |      36 |       0 |   0.0 |       1 |       0 |   0.0
            +---------+---------+-------+---------+---------+-------

Illustrated notes

Table legend:
 A = Kills in this place as a percentage of kills in entire the game.
 B = Kills by you in this place as a percentage of kills by you in the entire game.
 C = Kills by friends in this place as a percentage of kills by friends in the entire game.
 D = Other kills in this place as a percentage of other kills in the entire game.
 E = Experience gained in this place as a percentage of experience gained in the entire game.
 F = Experience gained in this place divided by the number of levels of this place that you have seen.
                   A       B       C       D       E      F
               +-------+-------+-------+-------+-------+----------------------
         Total | 100.0 | 100.0 |   N/A |   N/A | 100.0 | 175.5
       Dungeon | 100.0 | 100.0 |   N/A |   N/A | 100.0 | 175.5
               +-------+-------+-------+-------+-------+----------------------

Table legend: (Time is in decaauts)
 A = Elapsed time spent in this place.
 B = Non-inter-level travel time spent in this place.
 C = Inter-level travel time spent in this place.
 D = Time resting spent in this place.
 E = Time spent auto-exploring this place.
 F = Levels seen in this place.
 G = Mean time per level.
                   A        B        C        D        E       F      G
               +--------+--------+--------+--------+--------+-----+--------+
         Total |   1134 |   1096 |     38 |    649 |    243 |   4 |  283.5 |
       Dungeon |   1134 |   1096 |     38 |    649 |    243 |   4 |  283.5 |
               +--------+--------+--------+--------+--------+-----+--------+

Top non-repeatable levels by time:
     D:4: 695 daAuts
     D:6: 221 daAuts
     D:5: 195 daAuts
     D:7: 21 daAuts
